 Dungeon Crawl Stone Soup version 0.19.1 (webtiles) character file.

42 ChaseSP the Changer (level 3, -1/17 HPs)
             Began as a Vine Stalker Transmuter on Nov 24, 2016.
             Slain by a gnoll
             ... wielding a +0 flail
              (7 damage)
             ... on level 3 of the Dungeon.
             The game lasted 00:02:36 (1845 turns).

ChaseSP the Changer (Vine Stalker Transmuter)       Turns: 1845, Time: 00:02:37

Health: -1/17      AC:  3    Str: 13    XL:     3   Next: 56%
Magic:  0/7        EV: 12    Int: 13    God:
Gold:   107        SH:  0    Dex: 14    Spells: 3 memorised, 0 levels left

rFire  . . .     SeeInvis .       - Unarmed
rCold  . . .     Gourm    .     j - +0 leather armour
rNeg   . . .     Faith    .     (no shield)
rPois  .         Spirit   +     (no helmet)
rElec  .         Reflect  .     (no cloak)
rCorr  .         Harm     .     (no gloves)
MR     .....                    (no boots)
Stlth  +.........               (no amulet)
                                (no ring)
                                (no ring)

@: very slightly contaminated
A: fangs 2, magic shield, antimagic bite, no device heal 3, rot immunity
a: no special abilities


You were on level 3 of the Dungeon.
You were not hungry.

You visited 1 branch of the dungeon, and saw 3 of its levels.

You collected 107 gold pieces.

Inventory:

Missiles
 a - 28 arrows
Armour
 b - a +0 robe
 j - a +0 leather armour (worn)
Jewellery
 g - an uncursed ring of magical power {unknown}
Scrolls
 e - 3 scrolls of remove curse {unknown}
 k - a scroll of amnesia {unknown}
 o - 2 scrolls of identify {unknown}
Potions
 i - a potion of ambrosia {unknown}
 l - a potion of brilliance {unknown}
 m - 2 potions of agility {unknown}
Books
 c - a book of Changes

   Spells                             Type                      Level
   a - Beastly Appendage              Transmutation                1
   b - Sticks to Snakes               Transmutation                2
   c - Spider Form                    Transmutation/Poison         3
   d - Ice Form                       Ice/Transmutation            4
   e - Blade Hands                    Transmutation                5
Comestibles
 d - 4 bread rations
 f - a slice of pizza
 h - a chunk of flesh
 n - 3 fruits


   Skills:
 - Level 0.8 Fighting
 - Level 1.5 Dodging
 - Level 3.0 Unarmed Combat
 - Level 2.1 Spellcasting
 * Level 3.6 Transmutations
 * Level 1.0 Poison Magic


You couldn't memorise any spells.
You knew the following spells:

 Your Spells              Type           Power        Failure   Level  Hunger
a - Beastly Appendage     Tmut           ##....       10%         1    ##.....
b - Sticks to Snakes      Tmut           ##......     12%         2    ###....
c - Spider Form           Tmut/Pois      #.........   41%         3    ####...


Dungeon Overview and Level Annotations

Branches:
Dungeon (3/15)

Altars:
Vehumet


Innate Abilities, Weirdness & Mutations

You have extremely sharp teeth.
When hurt, damage is shared between your health and your magic reserves.
Your bite disrupts and absorbs the magic of your enemies.
Potions and wands cannot restore your health.
You are immune to rotting.


Message History

You start resting.
Your transformation is almost over. 2 gnolls come into view.
A gnoll comes into view. It is wielding a club.
The gnoll hits you with a flail!
Your horns disappear.
Casting: Beastly Appendage
Confirm with . or Enter, or press ? or * to list all spells.
You miscast Spider Form.
You are very lightly contaminated with residual magic.
You feel faint for a moment.
Unknown command.
Casting: Spider Form
Confirm with . or Enter, or press ? or * to list all spells.
You miscast Spider Form.
You feel weak for a moment. The gnoll hits you with a flail.
Unknown command.
There is a stone staircase leading up here.
The gnoll hits you with a flail!
You die...

###### #....#
####### #.##.#
#.g...#
#.#..###.##g##
#.#..g.#.#@.##
#.#..#g#.#...#
######.#g.#.#.#####
#......g..#.g....#
#.####.#.#....##.#
#.#...g#.##.####.#
#.#....#.##.####.##
##.####.#.##.......#
...gg..g#.##########


You could see a gnoll.

Vanquished Creatures
  A hound skeleton (D:3)
  4 goblins
  4 hobgoblins
  5 jackals (D:2)
  3 kobolds
  2 bats (D:1)
  2 frilled lizards
  5 rats (D:1)
26 creatures vanquished.

Vanquished Creatures (collateral kills)
  A dart slug (D:1)
  A hobgoblin (D:1)
2 creatures vanquished.

Grand Total: 28 creatures vanquished

Notes
Turn   | Place    | Note
-------+----------+-------------------------------------------
     0 | D:1      | ChaseSP the Vine Stalker Transmuter began the quest for the Orb.
     0 | D:1      | Reached XP level 1. HP: 9/9 MP: 4/4
   156 | D:1      | Reached XP level 2. HP: 11/14 MP: 6/6
   168 | D:1      | Learned a level 2 spell: Sticks to Snakes
  1103 | D:2      | Found a radiant altar of Vehumet.
  1452 | D:2      | Reached XP level 3. HP: 17/17 MP: 7/7
  1460 | D:2      | Learned a level 3 spell: Spider Form
  1804 | D:3      | Reached skill level 1 in Poison Magic
  1845 | D:3      | Slain by a gnoll

Skill      XL: |  1  2  3 |
---------------+----------+-----
Transmutations | 3 |  3.6
Poison Magic   | 1 |  1.0
Fighting       | |  0.8
Dodging        | |  1.5
Unarmed Combat | |  3.0
Spellcasting   | |  2.1

Action                   || total
-------------------------++-------
Melee: Unarmed           ||    81
       Bite              ||    10
       Headbutt          ||     2
       Punch             ||     3
       Kick              ||     1
 Cast: Beastly Appendage ||     4
       Sticks to Snakes  ||     2
  Eat: Chunk             ||     3
Armor: Leather armour    ||    14
       Robe              ||     1
Dodge: Dodged            ||    50
